 Dungeon Crawl Stone Soup version 0.22-a0-596-gfbd32a6 (webtiles) character file.

55 royokou the Firebug (level 3, 0/28 HPs)
             Began as a Naga Fire Elementalist on July 6, 2018.
             Slain by a bullfrog (3 damage)
             ... on level 2 of the Dungeon.
             The game lasted 00:09:26 (2876 turns).

royokou the Firebug (Naga Fire Elementalist)        Turns: 2876, Time: 00:09:27

Health: 0/28       AC:  3    Str: 10    XL:     3   Next: 93%
Magic:  4/7        EV: 16    Int: 16    God:
Gold:   228        SH:  0    Dex: 11    Spells: 3/7 levels left

rFire    . . .     SeeInvis +   l - +0 mace
rCold    . . .     Gourm    .   (no shield)
rNeg     + . .     Faith    .   a - +0 robe
rPois    +         Spirit   .   (no helmet)
rElec    .         Reflect  .   h - +0 cloak
rCorr    .         Harm     .   (no gloves)
MR       .....                  (no barding)
Stlth    ++........             (no amulet)
HPRegen  0.09/turn              n - +6 ring of evasion
MPRegen  0.10/turn              i - ring of positive energy

@: very slow
A: large, see invisible, deformed body, poison resistance, slowness 2, slow
metabolism 1, spit poison 1, AC +1
a: Spit Poison


You were on level 2 of the Dungeon.
You were very hungry.

You visited 1 branch of the dungeon, and saw 3 of its levels.

You collected 228 gold pieces.

Inventory:

Hand Weapons
 l - a +0 mace (weapon)
Armour
 a - a +0 robe (worn)
 h - a +0 cloak (worn)
 p - a +0 ring mail
Jewellery
 b - an uncursed ring of flight
 i - a ring of positive energy (right hand)
 n - a +6 ring of evasion (left hand)
Scrolls
 d - 3 scrolls of identify {unknown}
 e - 4 scrolls of remove curse {unknown}
 j - a scroll of enchant weapon {unknown}
 o - a scroll of magic mapping {unknown}
Potions
 f - a potion of might {unknown}
 g - a potion of degeneration {unknown}
 k - a potion of heal wounds {unknown}
 m - a potion of magic {unknown}
 q - a potion of lignification {unknown}
Comestibles
 c - 3 rations


   Skills:
 - Level 1.5 Dodging
 - Level 3.0 Stealth
 + Level 2.7 Spellcasting
 + Level 2.1 Conjurations
 + Level 3.6 Fire Magic


You had 3 spell levels left.
You knew the following spells:

 Your Spells              Type           Power        Failure   Level  Hunger
a - Flame Tongue          Conj/Fire      ##...        6%          1    #......
b - Conjure Flame         Conj/Fire      ##......     17%         3    ###....

Your spell library contained the following spells:

 Spells                   Type           Power        Failure   Level  Hunger
 Fireball                 Conj/Fire      ##........   85%         5    ######.
 Throw Flame              Conj/Fire      ##....       9%          2    ##.....
 Sticky Flame             Conj/Fire      ##......     50%         4    #####..
 Inner Flame              Hex/Fire       #.......     26%         3    ###....


Dungeon Overview and Level Annotations

Branches:
Dungeon (3/15)

Altars:
Gozag
Kikubaaqudgha
Xom


Innate Abilities, Weirdness & Mutations

You cannot wear boots.
Your serpentine skin is tough. (AC +1)
You have supernaturally acute eyesight. (SInv)
Armour fits poorly on your strangely shaped body.
Your system is resistant to poisons. (rPois)
You cover ground very slowly.
You have a slow metabolism.
You can spit poison.


Message History

The bullfrog completely misses you. The bullfrog closely misses you.
There is a stone staircase leading up here.
The bullfrog barely misses you. The bullfrog closely misses you.
The leopard gecko misses you.
You climb upwards.
Your magical contamination has completely faded away.
There is a stone staircase leading down here.
The bullfrog hits you. x2
* * * LOW HITPOINT WARNING * * *
The leopard gecko closely misses you. The bullfrog closely misses you.
The bullfrog misses you. The leopard gecko closely misses you.
The bullfrog completely misses you. The leopard gecko barely misses you.
The bullfrog hits you.
* * * LOW HITPOINT WARNING * * *
The bullfrog completely misses you. The bullfrog closely misses you.
The bullfrog hits you.
You die...

###.....#.#######.#..# #.# #
#.....#>...........# #.#
###.........#####.##.# #.#
#...###......## #.##.# #.#
..###.........# #.##.# #.#
.##........##.###.##.# #(#
.#.....###..#..##.##.# #.#
##.#.....##.##l##.##.###.########
#..#......#..#.F@....#...........
#..#.)##..#..#.##.###############
#..#..##..#..#(...<.)............
#..#..)...#..#.###.#.############
##.##....##.##.....#.# #
.#..######..#........# #
.##........##...###### #
..###....###...##
#...######.....#


You could see a bullfrog and a leopard gecko.

Vanquished Creatures
  An adder (D:2)
  A worm (D:2)
  2 leopard geckos
  5 bats
  2 giant cockroaches
  4 goblins
  5 hobgoblins
  4 jackals
  A ball python (D:2)
  3 frilled lizards
  7 kobolds
  4 rats
39 creatures vanquished.

Notes
Turn   | Place    | Note
-------+----------+-------------------------------------------
     0 | D:1      | royokou the Naga Fire Elementalist began the quest for the Orb.
     0 | D:1      | Reached XP level 1. HP: 15/15 MP: 3/3
   320 | D:1      | Reached XP level 2. HP: 22/22 MP: 5/5
  1160 | D:2      | Found an opulent altar of Gozag.
  1308 | D:2      | Reached XP level 3. HP: 21/28 MP: 1/6
  1359 | D:2      | Learned a level 3 spell: Conjure Flame
  2228 | D:2      | Found a hazy altar of Hepliaklqana.
  2234 | D:2      | Found a bloodstained altar of Trog.
  2234 | D:2      | Found a shimmering altar of Xom.
  2236 | D:2      | Found a deep blue altar of Sif Muna.
  2236 | D:2      | Found a stormy altar of Qazlal.
  2236 | D:2      | Found a shimmering altar of Xom.
  2381 | D:2      | Found an ancient bone altar of Kikubaaqudgha.
  2846 | D:3      | Noticed a bullfrog
  2876 | D:2      | Slain by a bullfrog

Vault maps used:
D:1:      dpeg_arrival_stone_temple_mockup
D:2:      lemuel_doored_altar, doesnt_xom_only_xom, lemuel_round_altar,
          minmay_randomly_rotated_circles
D:3:      nicolae_overflow_hidden_temple, first_ration,
          yredelemnul_altar_generic, uniq_grinder, uniq_sigmund

Skill      XL: |  1  2  3 |
---------------+----------+-----
Conjurations   | 2 |  2.1
Dodging        | |  1.5
Stealth        | |  3.0
Spellcasting   | |  2.7
Fire Magic     | |  3.6

Action                   || total
-------------------------++-------
Melee: Unarmed           ||     9
 Cast: Flame Tongue      ||    54
 Abil: Spit Poison       ||    20
 Stab: Sleeping          ||     1
  Eat: Chunk             ||     5
Armor: Robe              ||    19
Dodge: Dodged            ||    77

Table legend:
 A = Spawn XP
 B = Non-spawn XP
 C = Spawn XP percentage of total XP
 D = Spawn monster count
 E = Non-spawn monster count
 F = Spawn count percentage of total count
 G = Total turns spent on level
                    A         B        C        D         E        F      G
               +---------+---------+-------+---------+---------+-------+---------
         Total |       0 |      79 |   0.0 |       0 |      39 |   0.0 |  2876
               +---------+---------+-------+---------+---------+-------+---------
           D:1 |       0 |      32 |   0.0 |       0 |      20 |   0.0 |  1613
           D:2 |       0 |      45 |   0.0 |       0 |      18 |   0.0 |  1205
           D:3 |       0 |       2 |   0.0 |       0 |       1 |   0.0 |    58
               +---------+---------+-------+---------+---------+-------+---------
